Worcester Sharks vs Sherbrooke Phoenix

Created - 4 avril 2018 at 17:05

Goals
1 2 3 OT1 T
Worcester Sharks 2 2 1 1 6
Sherbrooke Phoenix 2 2 1 0 5
Shots
1 2 3 OT1 T
Worcester Sharks 13 18 9 1 41
Sherbrooke Phoenix 13 8 8 0 29

1st period

1. Sherbrooke Phoenix , Brandon Mashinter 36 (Tommy Cross 31) at 9:07
2. Worcester Sharks , John McCarthy 23 (Kenny Agostino 11, Mirco Mueller 14) at 11:20
3. Worcester Sharks , T.J. Hensick 28 (Shea Theodore 54) at 17:03 (SH)
4. Sherbrooke Phoenix , Pascal Pelletier 20 (Brandon Mashinter 27, Garrett Mitchell 12) at 18:18 (PP)

Penalties :
Pascal Pelletier (PHO) for Fighting (Major) at 2:34, Kenny Agostino (SRK) for Fighting (Major) at 2:34, Brad Malone (PHO) for Interference (Minor) at 2:56, Julius Bergman (PHO) for Fighting (Major) at 5:52, Frank Corrado (SRK) for Fighting (Major) at 5:52, Tyson Strachan (SRK) for Hooking (Minor) at 6:22, Brett Kulak (SRK) for Slashing (Minor) at 16:51

2nd period

5. Sherbrooke Phoenix , Brad Malone 30 (Tommy Hughes 5, Conner Bleackley 11) at 4:47
6. Worcester Sharks , Kenny Agostino 11 (T.J. Hensick 39, Travis Boyd 43) at 8:57 (PP)
7. Sherbrooke Phoenix , Casey Bailey 63 (Max Friberg 30, Brandon Mashinter 28) at 9:53
8. Worcester Sharks , T.J. Hensick 29 (Michael Raffl 35, Brett Kulak 16) at 18:55

Penalties :
Tommy Cross (PHO) for Roughing (Minor) at 7:42, Julius Bergman (PHO) for Hooking (Minor) at 0:00

3rd period

9. Sherbrooke Phoenix , Pascal Pelletier 21 (Brandon Mashinter 29, Chris Carlisle 3) at 2:58
10. Worcester Sharks , Travis Boyd 30 (T.J. Hensick 40, Tyson Strachan 17) at 19:42

Penalties :
Jordan Subban (PHO) for Fighting (Major) at 2:59, Jim O'Brien (SRK) for Fighting (Major) at 2:59, Garrett Mitchell (PHO) for Roughing (Minor) at 4:24, Tommy Cross (PHO) for Holding (Minor) at 8:59

Overtime #1

11. Worcester Sharks , T.J. Hensick 30 (Kenny Agostino 12) at 0:14

Penalties :
No Penalty

Goalie Stats

Eric Comrie (SRK), 24 saves from 29 shots - (0,828), W, 12-5-0, 59:36 minutes
Vitek Vanecek (PHO), 35 saves from 41 shots - (0,854), OTL, 23-18-5, 60:14 minutes

Players Stats for Worcester Sharks

Player Name              G  A  P  +/- PIM S  H  SB GA TA FO     MP     PP MP  PK MP  
------------------------------------------------------------------------------------
Andreas Johnsson         0  0  0   0  0   0  1  0  0  2  1/1    11:28   0:00   0:00 
Brett Kulak              0  1  1   0  2   0  1  2  0  0  0/0    20:59   4:48   0:51 
Chad Ruhwedel            0  0  0   0  0   2  2  1  0  0  0/0    20:57   4:48   1:05 
Corban Knight            0  0  0   0  0   0  1  0  0  1  1/2     8:40   0:15   0:21 
Frank Corrado            0  0  0  -2  5   0  0  0  0  0  0/0    16:35   4:24   0:00 
Jim O'Brien              0  0  0  -2  5   2  0  0  0  0  1/1    13:24   0:00   0:50 
John McCarthy            1  0  1  -1  0   4  2  2  0  1  13/16  19:30   3:57   2:15 
Kenny Agostino           1  2  3  -1  5   4  2  0  0  0  2/2    17:15   4:23   0:03 
Michael Raffl            0  1  1   1  0   5  1  0  1  0  1/3    20:12   3:47   0:21 
Micheal Haley            0  0  0   0  0   2  5  0  1  1  0/0    12:44   0:28   0:00 
Mirco Mueller            0  1  1  -1  0   1  0  0  0  0  0/0    15:52   0:00   1:22 
Nikita Jevpalovs         0  0  0   0  0   0  0  0  0  0  4/9    15:47   3:38   0:50 
Remi Elie                0  0  0   0  0   0  0  0  0  0  0/0     7:32   0:00   0:00 
Shea Theodore            0  1  1   2  0   2  2  4  0  0  0/0    25:11   4:24   2:21 
T.J. Hensick             3  2  5   3  0   12 0  1  0  1  13/22  22:44   5:34   2:15 
Teddy Purcell            0  0  0   0  0   0  1  0  2  0  0/0     7:32   0:00   0:00 
Travis Boyd              1  1  2   1  0   6  2  0  0  0  0/0    20:15   5:34   0:00 
Tyson Strachan           0  1  1   3  2   1  0  1  1  1  0/0    20:51   0:00   1:13 

Players Stats for Sherbrooke Phoenix

Player Name              G  A  P  +/- PIM S  H  SB GA TA FO     MP     PP MP  PK MP  
------------------------------------------------------------------------------------
Blake Siebenaler         0  0  0   0  0   0  1  1  0  0  0/0    17:59   1:14   3:34 
Brad Malone              1  0  1  -3  2   3  3  1  0  2  0/3    24:56   1:51   3:45 
Brandon Mashinter        1  3  4   2  0   4  0  0  1  0  0/0    19:47   1:27   2:44 
Casey Bailey             1  0  1  -3  0   3  0  1  1  0  10/32  26:23   1:51   5:12 
Chris Carlisle           0  1  1   2  0   1  1  1  0  0  0/0    13:02   0:00   3:21 
Conner Bleackley         0  1  1   0  0   2  3  0  0  0  1/2     9:24   0:00   0:12 
Daniel Zaar              0  0  0  -2  0   1  0  1  0  0  2/3    13:32   1:51   0:00 
Dylan Labbe              0  0  0   1  0   0  0  0  0  0  0/0     6:34   0:00   0:37 
Francis Perron           0  0  0   0  0   0  1  0  1  0  0/0     7:03   0:34   1:31 
Garrett Mitchell         0  1  1   2  2   3  3  2  0  0  0/0    17:26   1:27   0:00 
Jordan Subban            0  0  0  -4  5   0  1  2  2  1  0/0    24:47   2:12   4:23 
Julius Bergman           0  0  0   0  7   0  2  0  0  0  0/0    15:22   0:23   2:46 
Justin Florek            0  0  0   0  0   1  0  1  1  1  1/2    10:17   0:16   0:00 
Mac Bennett              0  0  0   1  0   0  0  0  0  0  0/0     5:45   0:00   0:00 
Max Friberg              0  1  1   0  0   1  0  1  0  0  0/0    12:08   0:00   2:44 
Pascal Pelletier         2  0  2   2  5   9  0  1  0  1  6/13   16:37   1:01   0:00 
Tommy Cross              0  1  1  -4  4   1  2  1  0  0  0/0    25:26   2:12   3:43 
Tommy Hughes             0  1  1   2  0   0  2  0  0  0  0/0    12:03   0:51   0:00 
Troy Bourke              0  0  0   0  0   0  1  0  1  0  0/1    13:06   0:00   2:16 

3 Stars

1 - T.J. Hensick (SRK)
2 - Brandon Mashinter (PHO)
3 - Travis Boyd (SRK)

Power Play

Worcester Sharks - 1 on 5 Attempt(s) - 20,00%
Sherbrooke Phoenix - 1 on 2 Attempt(s) - 50,00%

Penalty Kill

Worcester Sharks - 1 on 2 Attempt(s) - 50,00% - Score 1 goal in Penalty Kill
Sherbrooke Phoenix - 4 on 5 Attempt(s) - 80,00% - Score 0 goal in Penalty Kill

Team Stat

Worcester Sharks - Hits : 20 - Faceoff Wins : 36 - Blocked Shots : 11 - Penalty Minutes : 19
Sherbrooke Phoenix - Hits : 20 - Faceoff Wins : 20 - Blocked Shots : 13 - Penalty Minutes : 25

Official

Referees : Dean Morton and Kendrick Nicholson
Linesman : John Grandt and Brandon Gawryletz

Game Notes

Pascal Pelletier beats up Kenny Agostino at 2:34 of 1st period
Julius Bergman beats up Frank Corrado at 5:52 of 1st period
13:26 of 2nd period - Worcester Sharks goal is going for a video replay. After video review, No Goal. The net was displaced accidentally.
Jordan Subban beats up Jim O'Brien at 2:59 of 3rd period
T.J. Hensick has scored a Hat Trick!

Finance

Level 1 -- Attendance: 1420 (71,00%) -- Ticket Income 56 800 $
Level 2 -- Attendance: 761 (76,10%) -- Ticket Income 15 220 $
Total Attendance: 2181 (72,70%)
Total Ticket Income: 72 020 $
Other Income: 35 290 $
Total Income: 107 310 $

Worcester Sharks

5 vs 5 Forward 
   Center                   Left Wing                Right Wing               Time % Phy DF OF 
 1 T.J. Hensick             Michael Raffl            Travis Boyd              36     0   1  4  
 2 John McCarthy            Kenny Agostino           Jim O'Brien              34     0   1  4  
 3 Nikita Jevpalovs         Andreas Johnsson         Micheal Haley            25     0   1  4  
 4 Corban Knight            Remi Elie                Teddy Purcell            5      0   2  3  

5 vs 5 Defense 
   Defense                  Defense                                           Time % Phy DF OF 
 1 Shea Theodore            Tyson Strachan                                    36     0   1  4  
 2 Chad Ruhwedel            Brett Kulak                                       34     0   1  4  
 3 Mirco Mueller            Frank Corrado                                     30     0   1  4  
 4 Mirco Mueller            Frank Corrado                                     0      0   1  4  

PowerPlay Forward 
   Center                   Left Wing                Right Wing               Time % Phy DF OF 
 1 T.J. Hensick             Kenny Agostino           Travis Boyd              55     1   2  2  
 2 John McCarthy            Michael Raffl            Nikita Jevpalovs         45     1   2  2  

PowerPlay Defense
   Defense                  Defense                                           Time % Phy DF OF 
 1 Shea Theodore            Frank Corrado                                     55     1   2  2  
 2 Chad Ruhwedel            Brett Kulak                                       45     1   2  2  

Penalty Kill 4 Players Forward 
   Center                   Wing                     Time % Phy DF OF 
 1 John McCarthy            T.J. Hensick             60     0   5  0  
 2 Jim O'Brien              Nikita Jevpalovs         40     0   5  0  

Penalty Kill 4 Players Defense
   Defense                  Defense                  Time % Phy DF OF 
 1 Shea Theodore            Tyson Strachan           60     0   5  0  
 2 Chad Ruhwedel            Mirco Mueller            40     0   5  0  

Penalty Kill - 3 Players Forward 
   Forward                                           Time % Phy DF OF 
 1 T.J. Hensick                                      55     0   5  0  
 2 John McCarthy                                     45     0   5  0  

Penalty Kill - 3 Players Defense
   Defense                  Defense                  Time % Phy DF OF 
 1 Shea Theodore            Tyson Strachan           55     0   5  0  
 2 Chad Ruhwedel            Brett Kulak              45     0   5  0  

4 vs 4 Forward 
   Center                   Wing                     Time % Phy DF OF 
 1 T.J. Hensick             Kenny Agostino           55     0   2  3  
 2 Travis Boyd              Michael Raffl            45     0   2  3  

4 vs 4 Defense
   Defense                  Defense                  Time % Phy DF OF 
 1 Shea Theodore            Tyson Strachan           55     0   2  3  
 2 Chad Ruhwedel            Brett Kulak              45     0   2  3  

Last Minutes Offensive
   Center                   Left Wing                Right Wing               Defense                  Defense                  
   T.J. Hensick             Michael Raffl            Travis Boyd              Shea Theodore            Tyson Strachan           

Last Minutes Defensive
   Center                   Left Wing                Right Wing               Defense                  Defense                  
   T.J. Hensick             Michael Raffl            Travis Boyd              Shea Theodore            Tyson Strachan           

Goaltenders
Starting : Eric Comrie              
Backup : Casey DeSmith            

Extra Forwards
Normal : Michael Raffl, Kenny Agostino, John McCarthy - PP : John McCarthy, Kenny Agostino - PK : Corban Knight
Extra Defensemen
Normal : Shea Theodore, Tyson Strachan, Frank Corrado - PP : Shea Theodore - PK : Mirco Mueller, Frank Corrado
Penalty Shots
Shea Theodore, Michael Raffl, Kenny Agostino, Teddy Purcell, John McCarthy

Scratches
Salaire Sharks (Healthy), Nelson Nogier (Healthy), Robin Kovacs (Healthy), Mitch Moroz (Healthy), David Musil (Healthy)
Garret Ross (Healthy), Reid Gardiner (Healthy), Kyle Platzer (Healthy), Reid McNeill (Healthy)

Sherbrooke Phoenix

5 vs 5 Forward 
   Center                   Left Wing                Right Wing               Time % Phy DF OF 
 1 Casey Bailey             Brad Malone              Daniel Zaar              40     1   2  2  
 2 Pascal Pelletier         Brandon Mashinter        Garrett Mitchell         30     1   2  2  
 3 Troy Bourke              Max Friberg              Casey Bailey             20     1   2  2  
 4 Conner Bleackley         Justin Florek            Brad Malone              10     1   2  2  

5 vs 5 Defense 
   Defense                  Defense                                           Time % Phy DF OF 
 1 Tommy Cross              Jordan Subban                                     40     1   2  2  
 2 Julius Bergman           Blake Siebenaler                                  30     1   2  2  
 3 Tommy Hughes             Chris Carlisle                                    20     1   2  2  
 4 Dylan Labbe              Mac Bennett                                       10     1   2  2  

PowerPlay Forward 
   Center                   Left Wing                Right Wing               Time % Phy DF OF 
 1 Casey Bailey             Brad Malone              Daniel Zaar              60     1   2  2  
 2 Pascal Pelletier         Brandon Mashinter        Garrett Mitchell         40     1   2  2  

PowerPlay Defense
   Defense                  Defense                                           Time % Phy DF OF 
 1 Tommy Cross              Jordan Subban                                     60     1   2  2  
 2 Julius Bergman           Blake Siebenaler                                  40     1   2  2  

Penalty Kill 4 Players Forward 
   Center                   Wing                     Time % Phy DF OF 
 1 Casey Bailey             Brad Malone              60     1   2  2  
 2 Brandon Mashinter        Max Friberg              40     1   2  2  

Penalty Kill 4 Players Defense
   Defense                  Defense                  Time % Phy DF OF 
 1 Tommy Cross              Jordan Subban            60     1   2  2  
 2 Julius Bergman           Blake Siebenaler         40     1   2  2  

Penalty Kill - 3 Players Forward 
   Forward                                           Time % Phy DF OF 
 1 Casey Bailey                                      60     1   2  2  
 2 Brad Malone                                       40     1   2  2  

Penalty Kill - 3 Players Defense
   Defense                  Defense                  Time % Phy DF OF 
 1 Tommy Cross              Jordan Subban            60     1   2  2  
 2 Julius Bergman           Blake Siebenaler         40     1   2  2  

4 vs 4 Forward 
   Center                   Wing                     Time % Phy DF OF 
 1 Casey Bailey             Brad Malone              60     1   2  2  
 2 Brandon Mashinter        Max Friberg              40     1   2  2  

4 vs 4 Defense
   Defense                  Defense                  Time % Phy DF OF 
 1 Tommy Cross              Jordan Subban            60     1   2  2  
 2 Julius Bergman           Blake Siebenaler         40     1   2  2  

Last Minutes Offensive
   Center                   Left Wing                Right Wing               Defense                  Defense                  
   Casey Bailey             Brad Malone              Daniel Zaar              Tommy Cross              Jordan Subban            

Last Minutes Defensive
   Center                   Left Wing                Right Wing               Defense                  Defense                  
   Casey Bailey             Brad Malone              Daniel Zaar              Tommy Cross              Jordan Subban            

Goaltenders
Starting : Vitek Vanecek            
Backup : Antoine Bibeau           

Extra Forwards
Normal : Francis Perron, Justin Florek, Troy Bourke - PP : Francis Perron, Justin Florek - PK : Troy Bourke
Extra Defensemen
Normal : Tommy Hughes, Chris Carlisle, Dylan Labbe - PP : Tommy Hughes - PK : Chris Carlisle, Dylan Labbe
Penalty Shots
Casey Bailey, Brad Malone, Brandon Mashinter, Max Friberg, Justin Florek

Scratches
Brandon Alderson (Healthy)

% Time on Ice - Worcester Sharks

Lines # - Real PCT - Wanted PCT - Time Play
Normal Forward
1 - 30% - 36% - 13:45
2 - 29% - 34% - 13:41
3 - 25% - 25% - 11:28
4 - 16% - 5% - 7:32
Normal Defense
1 - 37% - 36% - 17:09
2 - 32% - 34% - 14:47
3 - 31% - 30% - 14:30
4 - 0% - 0% - 0:00
PP Forward
1 - 61% - 55% - 5:34
2 - 39% - 45% - 3:38
PP Defense
1 - 48% - 55% - 4:24
2 - 52% - 45% - 4:48
PK Forward
1 - 76% - 60% - 2:36
2 - 24% - 40% - 0:50
PK Defense
1 - 93% - 60% - 3:12
2 - 7% - 40% - 0:14
PK3 Forward
1 - 0% - 55%
2 - 0% - 45%
PK3 Defense
1 - 0% - 55%
2 - 0% - 45%
44 Forward
1 - 100% - 55% - 0:14
2 - 0% - 45% - 0:00
44 Defense
1 - 100% - 55% - 0:14
2 - 0% - 45% - 0:00
Last Minute Offensive  - 0:56
Last Minute Defensive  - 0:00
Total
Forward - 60:14
Defense - 60:14

% Time on Ice - Sherbrooke Phoenix

Lines # - Real PCT - Wanted PCT - Time Play
Normal Forward
1 - 24% - 40% - 11:09
2 - 39% - 30% - 18:03
3 - 20% - 20% - 9:16
4 - 17% - 10% - 7:59
Normal Defense
1 - 39% - 40% - 17:56
2 - 28% - 30% - 13:08
3 - 21% - 20% - 9:38
4 - 12% - 10% - 5:45
PP Forward
1 - 54% - 60% - 1:51
2 - 46% - 40% - 1:35
PP Defense
1 - 64% - 60% - 2:12
2 - 36% - 40% - 1:14
PK Forward
1 - 70% - 60% - 6:28
2 - 30% - 40% - 2:44
PK Defense
1 - 61% - 60% - 5:38
2 - 39% - 40% - 3:34
PK3 Forward
1 - 0% - 60%
2 - 0% - 40%
PK3 Defense
1 - 0% - 60%
2 - 0% - 40%
44 Forward
1 - 100% - 60% - 0:14
2 - 0% - 40% - 0:00
44 Defense
1 - 100% - 60% - 0:14
2 - 0% - 40% - 0:00
Last Minute Offensive  - 0:00
Last Minute Defensive  - 0:55
Total
Forward - 60:14
Defense - 60:14

Play by Play

1st period


0:01 of 1st period - T.J. Hensick wins face-off versus Casey Bailey in neutral zone.
0:14 of 1st period - Wrist shot by Casey Bailey.
0:14 of 1st period - Stopped by Eric Comrie without a rebound.
0:15 of 1st period - Pascal Pelletier wins face-off versus John McCarthy in Worcester Sharks zone.
0:24 of 1st period - Chad Ruhwedel is hit by Garrett Mitchell.
0:53 of 1st period - Nikita Jevpalovs is hit by Julius Bergman.
1:25 of 1st period - Snap shot by Pascal Pelletier.
1:25 of 1st period - Shot Misses the Net.
1:27 of 1st period - Snap shot by Tommy Cross.
1:27 of 1st period - Stopped by Eric Comrie with a rebound.
1:29 of 1st period - Slapshot by Jordan Subban.
1:29 of 1st period - Shot Blocked by Brett Kulak.
1:31 of 1st period - Snap shot by Jordan Subban.
1:31 of 1st period - Shot Misses the Net.
2:18 of 1st period - Slapshot by Brandon Mashinter.
2:18 of 1st period - Shot Misses the Net.
2:20 of 1st period - Wrist shot by Garrett Mitchell.
2:20 of 1st period - Stopped by Eric Comrie without a rebound.
2:21 of 1st period - John McCarthy wins face-off versus Pascal Pelletier in Worcester Sharks zone.
2:21 of 1st period - John McCarthy is hit by Garrett Mitchell.
2:33 of 1st period - Snap shot by Kenny Agostino.
2:33 of 1st period - Stopped by Vitek Vanecek with a rebound.
2:34 of 1st period - Pascal Pelletier beats up Kenny Agostino.
2:34 of 1st period - Penalty to Pascal Pelletier for Fighting.
2:34 of 1st period - Penalty to Kenny Agostino for Fighting.
2:35 of 1st period - John McCarthy wins face-off versus Casey Bailey in Sherbrooke Phoenix zone.
2:56 of 1st period - Minor Penalty to Brad Malone for Interference.
2:57 of 1st period - T.J. Hensick wins face-off versus Casey Bailey in Sherbrooke Phoenix zone.
3:35 of 1st period - Icing by Frank Corrado.
3:36 of 1st period - Michael Raffl wins face-off versus Casey Bailey in Worcester Sharks zone.
4:01 of 1st period - Max Friberg is hit by Chad Ruhwedel and loses puck.
4:56 of 1st period - Penalty to Brad Malone is over, Brad Malone is back on ice.
5:18 of 1st period - Brett Kulak is hit by Conner Bleackley and loses puck.
5:42 of 1st period - Off-side.
5:43 of 1st period - Nikita Jevpalovs wins face-off versus Justin Florek in neutral zone.
5:51 of 1st period - Slapshot by Blake Siebenaler.
5:51 of 1st period - Deflect By Brandon Mashinter.
5:51 of 1st period - Shot Misses the Net.
5:51 of 1st period - Puck is out of play.
5:52 of 1st period - Justin Florek wins face-off versus Nikita Jevpalovs in Worcester Sharks zone.
5:52 of 1st period - Julius Bergman beats up Frank Corrado.
5:52 of 1st period - Penalty to Julius Bergman for Fighting.
5:52 of 1st period - Penalty to Frank Corrado for Fighting.
5:53 of 1st period - T.J. Hensick wins face-off versus Casey Bailey in Worcester Sharks zone.
6:00 of 1st period - Wrist shot by Michael Raffl.
6:00 of 1st period - Stopped by Vitek Vanecek without a rebound.
6:01 of 1st period - Daniel Zaar wins face-off versus T.J. Hensick in Sherbrooke Phoenix zone.
6:10 of 1st period - Slapshot by Casey Bailey.
6:10 of 1st period - Shot Hit the Post.
6:12 of 1st period - Slapshot by Brad Malone.
6:12 of 1st period - Stopped by Eric Comrie with a rebound.
6:14 of 1st period - Snap shot by Casey Bailey.
6:14 of 1st period - Shot Blocked by Tyson Strachan.
6:22 of 1st period - Minor Penalty to Tyson Strachan for Hooking.
6:23 of 1st period - John McCarthy wins face-off versus Casey Bailey in Worcester Sharks zone.
6:36 of 1st period - Snap shot by T.J. Hensick.
6:36 of 1st period - Stopped by Vitek Vanecek with a rebound.
7:34 of 1st period - Penalty to Kenny Agostino is over, Kenny Agostino is back on ice.
8:21 of 1st period - Icing by Pascal Pelletier.
8:22 of 1st period - Penalty to Tyson Strachan is over, Tyson Strachan is back on ice.
8:22 of 1st period - Pascal Pelletier wins face-off versus Nikita Jevpalovs in Sherbrooke Phoenix zone.
8:46 of 1st period - Snap shot by Pascal Pelletier.
8:46 of 1st period - Stopped by Eric Comrie with a rebound.
9:05 of 1st period - Snap shot by Brandon Mashinter.
9:05 of 1st period - Stopped by Eric Comrie with a rebound.
9:07 of 1st period - Wrist shot by Brandon Mashinter.
9:07 of 1st period - Goal by Brandon Mashinter - Worcester Sharks : 0 - Sherbrooke Phoenix : 1.
9:08 of 1st period - T.J. Hensick wins face-off versus Casey Bailey in neutral zone.
9:11 of 1st period - Snap shot by T.J. Hensick.
9:11 of 1st period - Shot Blocked by Daniel Zaar.
10:38 of 1st period - Slapshot by Brandon Mashinter.
10:38 of 1st period - Shot Misses the Net.
10:40 of 1st period - Wrist shot by Garrett Mitchell.
10:40 of 1st period - Stopped by Eric Comrie with a rebound.
10:42 of 1st period - Snap shot by Pascal Pelletier.
10:42 of 1st period - Stopped by Eric Comrie with a rebound.
11:18 of 1st period - Wrist shot by Kenny Agostino.
11:18 of 1st period - Shot Blocked by Blake Siebenaler.
11:20 of 1st period - Slapshot by John McCarthy.
11:20 of 1st period - Goal by John McCarthy - Worcester Sharks : 1 - Sherbrooke Phoenix : 1.
11:21 of 1st period - John McCarthy wins face-off versus Casey Bailey in neutral zone.
12:19 of 1st period - Brad Malone is hit by Micheal Haley and loses puck.
13:11 of 1st period - Snap shot by Travis Boyd.
13:11 of 1st period - Stopped by Vitek Vanecek with a rebound.
13:13 of 1st period - Wrist shot by T.J. Hensick.
13:13 of 1st period - Stopped by Vitek Vanecek with a rebound.
13:15 of 1st period - Slapshot by T.J. Hensick.
13:15 of 1st period - Stopped by Vitek Vanecek with a rebound.
13:51 of 1st period - Blake Siebenaler is hit by John McCarthy and loses puck.
14:23 of 1st period - Max Friberg is hit by Michael Raffl.
14:45 of 1st period - Snap shot by John McCarthy.
14:45 of 1st period - Stopped by Vitek Vanecek with a rebound.
14:47 of 1st period - Snap shot by John McCarthy.
14:47 of 1st period - Stopped by Vitek Vanecek with a rebound.
14:49 of 1st period - Wrist shot by Jim O'Brien.
14:49 of 1st period - Shot Hit the Post.
15:10 of 1st period - Off-side.
15:11 of 1st period - Corban Knight wins face-off versus Troy Bourke in neutral zone.
15:23 of 1st period - Wrist shot by Max Friberg.
15:23 of 1st period - Stopped by Eric Comrie with a rebound.
16:10 of 1st period - Shea Theodore is hit by Brad Malone and loses puck.
16:17 of 1st period - Backhand shot by Andreas Johnsson.
16:17 of 1st period - Shot Misses the Net.
16:31 of 1st period - Snap shot by Travis Boyd.
16:31 of 1st period - Stopped by Vitek Vanecek without a rebound.
16:32 of 1st period - T.J. Hensick wins face-off versus Pascal Pelletier in Sherbrooke Phoenix zone.
16:43 of 1st period - Snap shot by Brandon Mashinter.
16:43 of 1st period - Shot Misses the Net.
16:51 of 1st period - Minor Penalty to Brett Kulak for Slashing.
16:52 of 1st period - T.J. Hensick wins face-off versus Casey Bailey in Worcester Sharks zone.
17:03 of 1st period - Wrist shot by T.J. Hensick.
17:03 of 1st period - Goal by T.J. Hensick - Worcester Sharks : 2 - Sherbrooke Phoenix : 1.
17:04 of 1st period - Casey Bailey wins face-off versus John McCarthy in neutral zone.
17:07 of 1st period - Snap shot by Brad Malone.
17:07 of 1st period - Shot Misses the Net.
17:17 of 1st period - Slapshot by Shea Theodore.
17:17 of 1st period - Stopped by Vitek Vanecek with a rebound.
17:40 of 1st period - Slapshot by Jordan Subban.
17:40 of 1st period - Deflect By Pascal Pelletier.
17:40 of 1st period - Stopped by Eric Comrie with a rebound.
17:42 of 1st period - Wrist shot by Pascal Pelletier.
17:42 of 1st period - Stopped by Eric Comrie without a rebound.
17:43 of 1st period - Casey Bailey wins face-off versus T.J. Hensick in Worcester Sharks zone.
17:56 of 1st period - Snap shot by Casey Bailey.
17:56 of 1st period - Shot Blocked by T.J. Hensick.
17:58 of 1st period - Slapshot by Casey Bailey.
17:58 of 1st period - Shot Blocked by Shea Theodore.
18:10 of 1st period - Snap shot by Pascal Pelletier.
18:10 of 1st period - Shot Misses the Net.
18:12 of 1st period - Snap shot by Garrett Mitchell.
18:12 of 1st period - Shot Misses the Net.
18:14 of 1st period - Snap shot by Brandon Mashinter.
18:14 of 1st period - Shot Misses the Net.
18:16 of 1st period - Snap shot by Pascal Pelletier.
18:16 of 1st period - Shot Blocked by Shea Theodore.
18:18 of 1st period - Wrist shot by Pascal Pelletier.
18:18 of 1st period - Goal by Pascal Pelletier - Worcester Sharks : 2 - Sherbrooke Phoenix : 2.
18:19 of 1st period - Andreas Johnsson wins face-off versus Daniel Zaar in neutral zone.
18:48 of 1st period - Slapshot by Shea Theodore.
18:48 of 1st period - Shot Misses the Net.
19:12 of 1st period - Slapshot by Travis Boyd.
19:12 of 1st period - Shot Misses the Net.
19:14 of 1st period - Snap shot by T.J. Hensick.
19:14 of 1st period - Shot Blocked by Jordan Subban.
19:16 of 1st period - Snap shot by Mirco Mueller.
19:16 of 1st period - Shot Blocked by Max Friberg.
19:18 of 1st period - Wrist shot by Travis Boyd.
19:18 of 1st period - Shot Blocked by Tommy Cross.
19:20 of 1st period - Snap shot by T.J. Hensick.
19:20 of 1st period - Stopped by Vitek Vanecek with a rebound.
Goals for this period are 2 for Worcester Sharks vs 2 for Sherbrooke Phoenix.
Shots for this period are 13 for Worcester Sharks vs 13 for Sherbrooke Phoenix.

2nd period


0:01 of 2nd period - John McCarthy wins face-off versus Casey Bailey in neutral zone.
0:12 of 2nd period - Slapshot by Shea Theodore.
0:12 of 2nd period - Shot Hit the Post.
0:14 of 2nd period - Snap shot by John McCarthy.
0:14 of 2nd period - Shot Misses the Net.
0:16 of 2nd period - Wrist shot by John McCarthy.
0:16 of 2nd period - Shot Misses the Net.
0:26 of 2nd period - Garrett Mitchell is hit by Shea Theodore and loses puck.
0:52 of 2nd period - Micheal Haley is hit by Tommy Cross and loses puck.
1:24 of 2nd period - Wrist shot by Jim O'Brien.
1:24 of 2nd period - Stopped by Vitek Vanecek with a rebound.
1:26 of 2nd period - Wrist shot by Kenny Agostino.
1:26 of 2nd period - Shot Misses the Net.
1:28 of 2nd period - Snap shot by Jim O'Brien.
1:28 of 2nd period - Shot Blocked by Garrett Mitchell.
1:30 of 2nd period - Slapshot by Mirco Mueller.
1:30 of 2nd period - Stopped by Vitek Vanecek with a rebound.
1:32 of 2nd period - Slapshot by Jim O'Brien.
1:32 of 2nd period - Stopped by Vitek Vanecek with a rebound.
1:34 of 2nd period - Wrist shot by John McCarthy.
1:34 of 2nd period - Stopped by Vitek Vanecek without a rebound.
1:35 of 2nd period - Casey Bailey wins face-off versus Michael Raffl in Sherbrooke Phoenix zone.
2:03 of 2nd period - Wrist shot by Micheal Haley.
2:03 of 2nd period - Stopped by Vitek Vanecek without a rebound.
2:04 of 2nd period - Nikita Jevpalovs wins face-off versus Pascal Pelletier in Sherbrooke Phoenix zone.
2:13 of 2nd period - Wrist shot by Andreas Johnsson.
2:13 of 2nd period - Shot Misses the Net.
2:17 of 2nd period - Slapshot by Andreas Johnsson.
2:17 of 2nd period - Shot Blocked by Pascal Pelletier.
2:19 of 2nd period - Slapshot by Andreas Johnsson.
2:19 of 2nd period - Shot Blocked by Garrett Mitchell.
2:31 of 2nd period - Slapshot by Chad Ruhwedel.
2:31 of 2nd period - Stopped by Vitek Vanecek with a rebound.
2:41 of 2nd period - Troy Bourke is hit by Travis Boyd and loses puck.
2:58 of 2nd period - Slapshot by Kenny Agostino.
2:58 of 2nd period - Shot Blocked by Brad Malone.
3:36 of 2nd period - Corban Knight is hit by Julius Bergman and loses puck.
4:16 of 2nd period - Icing by Frank Corrado.
4:17 of 2nd period - Pascal Pelletier wins face-off versus Nikita Jevpalovs in Worcester Sharks zone.
4:36 of 2nd period - Snap shot by Conner Bleackley.
4:36 of 2nd period - Stopped by Eric Comrie without a rebound.
4:37 of 2nd period - John McCarthy wins face-off versus Brad Malone in Worcester Sharks zone.
4:37 of 2nd period - John McCarthy is hit by Conner Bleackley.
4:43 of 2nd period - Wrist shot by Conner Bleackley.
4:43 of 2nd period - Shot Blocked by Brett Kulak.
4:45 of 2nd period - Slapshot by Tommy Hughes.
4:45 of 2nd period - Shot Blocked by John McCarthy.
4:47 of 2nd period - Wrist shot by Brad Malone.
4:47 of 2nd period - Goal by Brad Malone - Worcester Sharks : 2 - Sherbrooke Phoenix : 3.
4:48 of 2nd period - Casey Bailey wins face-off versus T.J. Hensick in neutral zone.
5:13 of 2nd period - Jim O'Brien is hit by Blake Siebenaler.
5:39 of 2nd period - Tommy Cross is hit by Micheal Haley and loses puck.
5:54 of 2nd period - Michael Raffl is hit by Jordan Subban and loses puck.
6:16 of 2nd period - Icing by Michael Raffl.
6:17 of 2nd period - Pascal Pelletier wins face-off versus Corban Knight in Worcester Sharks zone.
6:18 of 2nd period - Snap shot by Brandon Mashinter.
6:18 of 2nd period - Stopped by Eric Comrie with a rebound.
7:13 of 2nd period - Snap shot by Travis Boyd.
7:13 of 2nd period - Deflect By T.J. Hensick.
7:13 of 2nd period - Stopped by Vitek Vanecek with a rebound.
7:42 of 2nd period - Minor Penalty to Tommy Cross for Roughing.
7:43 of 2nd period - T.J. Hensick wins face-off versus Casey Bailey in Sherbrooke Phoenix zone.
7:46 of 2nd period - Snap shot by Travis Boyd.
7:46 of 2nd period - Shot Misses the Net.
7:48 of 2nd period - Slapshot by Chad Ruhwedel.
7:48 of 2nd period - Stopped by Vitek Vanecek with a rebound.
7:50 of 2nd period - Wrist shot by T.J. Hensick.
7:50 of 2nd period - Stopped by Vitek Vanecek with a rebound.
7:54 of 2nd period - Wrist shot by Kenny Agostino.
7:54 of 2nd period - Stopped by Vitek Vanecek without a rebound.
7:55 of 2nd period - Casey Bailey wins face-off versus T.J. Hensick in Sherbrooke Phoenix zone.
8:53 of 2nd period - Slapshot by T.J. Hensick.
8:53 of 2nd period - Shot Misses the Net.
8:55 of 2nd period - Snap shot by T.J. Hensick.
8:55 of 2nd period - Stopped by Vitek Vanecek with a rebound.
8:57 of 2nd period - Wrist shot by Kenny Agostino.
8:57 of 2nd period - Goal by Kenny Agostino - Worcester Sharks : 3 - Sherbrooke Phoenix : 3.
8:58 of 2nd period - Nikita Jevpalovs wins face-off versus Casey Bailey in neutral zone.
9:24 of 2nd period - Corban Knight is hit by Garrett Mitchell and loses puck.
9:53 of 2nd period - Slapshot by Casey Bailey.
9:53 of 2nd period - Goal by Casey Bailey - Worcester Sharks : 3 - Sherbrooke Phoenix : 4.
9:54 of 2nd period - T.J. Hensick wins face-off versus Casey Bailey in neutral zone.
10:23 of 2nd period - Icing by Tommy Cross.
10:24 of 2nd period - John McCarthy wins face-off versus Pascal Pelletier in Sherbrooke Phoenix zone.
10:37 of 2nd period - Snap shot by Pascal Pelletier.
10:37 of 2nd period - Shot Misses the Net.
10:39 of 2nd period - Snap shot by Jordan Subban.
10:39 of 2nd period - Shot Misses the Net.
11:16 of 2nd period - Wrist shot by Micheal Haley.
11:16 of 2nd period - Stopped by Vitek Vanecek without a rebound.
11:17 of 2nd period - Pascal Pelletier wins face-off versus Nikita Jevpalovs in Sherbrooke Phoenix zone.
11:44 of 2nd period - Snap shot by Justin Florek.
11:44 of 2nd period - Deflect By Brad Malone.
11:44 of 2nd period - Shot Misses the Net.
11:44 of 2nd period - Puck is out of play.
11:45 of 2nd period - John McCarthy wins face-off versus Brad Malone in Worcester Sharks zone.
12:00 of 2nd period - Snap shot by Kenny Agostino.
12:00 of 2nd period - Shot Blocked by Justin Florek.
12:33 of 2nd period - Snap shot by Casey Bailey.
12:33 of 2nd period - Shot Misses the Net.
12:35 of 2nd period - Slapshot by Chris Carlisle.
12:35 of 2nd period - Deflect By Shea Theodore.
12:35 of 2nd period - Stopped by Eric Comrie with a rebound.
12:37 of 2nd period - Wrist shot by Troy Bourke.
12:37 of 2nd period - Shot Blocked by Shea Theodore.
12:55 of 2nd period - Wrist shot by Kenny Agostino.
12:55 of 2nd period - Stopped by Vitek Vanecek with a rebound.
13:24 of 2nd period - Snap shot by Travis Boyd.
13:24 of 2nd period - Shot Misses the Net.
13:26 of 2nd period - Wrist shot by Michael Raffl.
13:26 of 2nd period - Worcester Sharks goal is going for a video replay.
13:26 of 2nd period - The goal is refused. The net was displaced accidentally..
13:27 of 2nd period - Conner Bleackley wins face-off versus Michael Raffl in Sherbrooke Phoenix zone.
13:38 of 2nd period - Snap shot by Travis Boyd.
13:38 of 2nd period - Shot Misses the Net.
14:36 of 2nd period - Mirco Mueller is hit by Troy Bourke and loses puck.
14:57 of 2nd period - Jim O'Brien is hit by Tommy Cross and loses puck.
15:07 of 2nd period - Snap shot by Garrett Mitchell.
15:07 of 2nd period - Stopped by Eric Comrie with a rebound.
15:21 of 2nd period - Wrist shot by Justin Florek.
15:21 of 2nd period - Shot Misses the Net.
15:23 of 2nd period - Snap shot by Conner Bleackley.
15:23 of 2nd period - Shot Misses the Net.
15:44 of 2nd period - Icing by Brandon Mashinter.
15:45 of 2nd period - Pascal Pelletier wins face-off versus T.J. Hensick in Sherbrooke Phoenix zone.
15:57 of 2nd period - Icing by Travis Boyd.
15:58 of 2nd period - Casey Bailey wins face-off versus T.J. Hensick in Worcester Sharks zone.
15:59 of 2nd period - Wrist shot by Brad Malone.
15:59 of 2nd period - Stopped by Eric Comrie without a rebound.
16:00 of 2nd period - T.J. Hensick wins face-off versus Casey Bailey in Worcester Sharks zone.
17:06 of 2nd period - Slapshot by Michael Raffl.
17:06 of 2nd period - Stopped by Vitek Vanecek with a rebound.
17:08 of 2nd period - Snap shot by Michael Raffl.
17:08 of 2nd period - Stopped by Vitek Vanecek without a rebound.
17:09 of 2nd period - T.J. Hensick wins face-off versus Pascal Pelletier in Sherbrooke Phoenix zone.
17:43 of 2nd period - Slapshot by Conner Bleackley.
17:43 of 2nd period - Stopped by Eric Comrie without a rebound.
17:44 of 2nd period - John McCarthy wins face-off versus Casey Bailey in Worcester Sharks zone.
17:44 of 2nd period - John McCarthy is hit by Brad Malone.
17:50 of 2nd period - Snap shot by Casey Bailey.
17:50 of 2nd period - Shot Misses the Net.
18:15 of 2nd period - Wrist shot by Pascal Pelletier.
18:15 of 2nd period - Shot Misses the Net.
18:55 of 2nd period - Wrist shot by T.J. Hensick.
18:55 of 2nd period - Goal by T.J. Hensick - Worcester Sharks : 4 - Sherbrooke Phoenix : 4.
18:56 of 2nd period - John McCarthy wins face-off versus Casey Bailey in neutral zone.
19:03 of 2nd period - Wrist shot by Kenny Agostino.
19:03 of 2nd period - Shot Misses the Net.
19:05 of 2nd period - Slapshot by Tyson Strachan.
19:05 of 2nd period - Shot Blocked by Jordan Subban.
19:07 of 2nd period - Slapshot by Kenny Agostino.
19:07 of 2nd period - Deflect By John McCarthy.
19:07 of 2nd period - Shot Blocked by Casey Bailey.
19:07 of 2nd period - Puck is out of play.
19:08 of 2nd period - Jim O'Brien wins face-off versus Casey Bailey in Sherbrooke Phoenix zone.
0:00 of 3rd period - Minor Penalty to Julius Bergman for Hooking.
Goals for this period are 2 for Worcester Sharks vs 2 for Sherbrooke Phoenix.
Shots for this period are 18 for Worcester Sharks vs 8 for Sherbrooke Phoenix.

3rd period


0:01 of 3rd period - Kenny Agostino wins face-off versus Casey Bailey in neutral zone.
0:04 of 3rd period - Tommy Cross is hit by Kenny Agostino and loses puck.
0:44 of 3rd period - Off-side.
0:45 of 3rd period - T.J. Hensick wins face-off versus Casey Bailey in neutral zone.
2:00 of 3rd period - Penalty to Julius Bergman is over, Julius Bergman is back on ice.
2:10 of 3rd period - Wrist shot by Pascal Pelletier.
2:10 of 3rd period - Stopped by Eric Comrie with a rebound.
2:12 of 3rd period - Slapshot by Pascal Pelletier.
2:12 of 3rd period - Stopped by Eric Comrie with a rebound.
2:14 of 3rd period - Snap shot by Pascal Pelletier.
2:14 of 3rd period - Stopped by Eric Comrie with a rebound.
2:16 of 3rd period - Wrist shot by Garrett Mitchell.
2:16 of 3rd period - Shot Blocked by Chad Ruhwedel.
2:28 of 3rd period - Wrist shot by Justin Florek.
2:28 of 3rd period - Stopped by Eric Comrie without a rebound.
2:29 of 3rd period - Nikita Jevpalovs wins face-off versus Conner Bleackley in Worcester Sharks zone.
2:29 of 3rd period - Nikita Jevpalovs is hit by Chris Carlisle.
2:49 of 3rd period - John McCarthy is hit by Tommy Hughes and loses puck.
2:58 of 3rd period - Wrist shot by Pascal Pelletier.
2:58 of 3rd period - Goal by Pascal Pelletier - Worcester Sharks : 4 - Sherbrooke Phoenix : 5.
2:59 of 3rd period - Kenny Agostino wins face-off versus Casey Bailey in neutral zone.
2:59 of 3rd period - Jordan Subban beats up Jim O'Brien.
2:59 of 3rd period - Penalty to Jordan Subban for Fighting.
2:59 of 3rd period - Penalty to Jim O'Brien for Fighting.
3:00 of 3rd period - John McCarthy wins face-off versus Casey Bailey in neutral zone.
3:11 of 3rd period - Snap shot by Daniel Zaar.
3:11 of 3rd period - Stopped by Eric Comrie with a rebound.
3:13 of 3rd period - Snap shot by Tommy Hughes.
3:13 of 3rd period - Shot Blocked by John McCarthy.
3:15 of 3rd period - Slapshot by Daniel Zaar.
3:15 of 3rd period - Shot Misses the Net.
3:27 of 3rd period - Brandon Mashinter is hit by Andreas Johnsson.
3:35 of 3rd period - Slapshot by Brandon Mashinter.
3:35 of 3rd period - Stopped by Eric Comrie with a rebound.
4:15 of 3rd period - Slapshot by Shea Theodore.
4:15 of 3rd period - Stopped by Vitek Vanecek without a rebound.
4:16 of 3rd period - John McCarthy wins face-off versus Pascal Pelletier in Sherbrooke Phoenix zone.
4:24 of 3rd period - Minor Penalty to Garrett Mitchell for Roughing.
4:25 of 3rd period - Casey Bailey wins face-off versus T.J. Hensick in Sherbrooke Phoenix zone.
4:39 of 3rd period - Snap shot by Kenny Agostino.
4:39 of 3rd period - Deflect By Brad Malone.
4:39 of 3rd period - Shot Blocked by Chris Carlisle.
4:39 of 3rd period - Puck is out of play.
4:40 of 3rd period - Casey Bailey wins face-off versus John McCarthy in Sherbrooke Phoenix zone.
4:49 of 3rd period - Michael Raffl is hit by Brad Malone and loses puck.
6:24 of 3rd period - Penalty to Garrett Mitchell is over, Garrett Mitchell is back on ice.
6:54 of 3rd period - Tyson Strachan is hit by Conner Bleackley and loses puck.
7:13 of 3rd period - Pascal Pelletier is hit by Teddy Purcell and loses puck.
8:59 of 3rd period - Minor Penalty to Tommy Cross for Holding.
9:00 of 3rd period - Casey Bailey wins face-off versus T.J. Hensick in Sherbrooke Phoenix zone.
9:00 of 3rd period - Casey Bailey is hit by Kenny Agostino.
9:29 of 3rd period - Blake Siebenaler is hit by John McCarthy and loses puck.
9:48 of 3rd period - Jordan Subban is hit by Travis Boyd and loses puck.
10:05 of 3rd period - Slapshot by Frank Corrado.
10:05 of 3rd period - Deflect By Michael Raffl.
10:05 of 3rd period - Stopped by Vitek Vanecek with a rebound.
10:45 of 3rd period - John McCarthy is hit by Francis Perron and loses puck.
10:58 of 3rd period - Julius Bergman is hit by Brett Kulak and loses puck.
10:59 of 3rd period - Penalty to Tommy Cross is over, Tommy Cross is back on ice.
11:09 of 3rd period - Slapshot by Tommy Cross.
11:09 of 3rd period - Shot Misses the Net.
11:20 of 3rd period - Troy Bourke is hit by Chad Ruhwedel and loses puck.
11:35 of 3rd period - Garrett Mitchell is hit by Micheal Haley and loses puck.
13:29 of 3rd period - Brad Malone is hit by Corban Knight and loses puck.
13:42 of 3rd period - Julius Bergman is hit by Micheal Haley.
14:52 of 3rd period - Mirco Mueller is hit by Tommy Hughes and loses puck.
17:03 of 3rd period - Justin Florek is hit by Micheal Haley and loses puck.
18:14 of 3rd period - Icing by Tommy Cross.
18:15 of 3rd period - John McCarthy wins face-off versus Pascal Pelletier in Sherbrooke Phoenix zone.
18:24 of 3rd period - Wrist shot by T.J. Hensick.
18:24 of 3rd period - Stopped by Vitek Vanecek with a rebound.
18:50 of 3rd period - Snap shot by Travis Boyd.
18:50 of 3rd period - Stopped by Vitek Vanecek without a rebound.
18:51 of 3rd period - Derek Laxdal call a timeout for Worcester Sharks.
18:51 of 3rd period - Daniel Zaar wins face-off versus T.J. Hensick in Sherbrooke Phoenix zone.
18:56 of 3rd period - Wrist shot by Casey Bailey.
18:56 of 3rd period - Stopped by Eric Comrie with a rebound.
18:58 of 3rd period - Wrist shot by Daniel Zaar.
18:58 of 3rd period - Deflect By Brad Malone.
18:58 of 3rd period - Shot Blocked by Shea Theodore.
18:58 of 3rd period - Puck is out of play.
18:59 of 3rd period - T.J. Hensick wins face-off versus Brad Malone in Worcester Sharks zone.
19:04 of 3rd period - Worcester Sharks, Eric Comrie is pulled from the net.
19:14 of 3rd period - Snap shot by T.J. Hensick.
19:14 of 3rd period - Stopped by Vitek Vanecek with a rebound.
19:26 of 3rd period - Snap shot by Travis Boyd.
19:26 of 3rd period - Stopped by Vitek Vanecek with a rebound.
19:28 of 3rd period - Snap shot by Travis Boyd.
19:28 of 3rd period - Stopped by Vitek Vanecek with a rebound.
19:30 of 3rd period - Snap shot by Tyson Strachan.
19:30 of 3rd period - Shot Hit the Post.
19:32 of 3rd period - Snap shot by Tyson Strachan.
19:32 of 3rd period - Stopped by Vitek Vanecek with a rebound.
19:42 of 3rd period - Snap shot by Travis Boyd.
19:42 of 3rd period - Goal by Travis Boyd - Worcester Sharks : 5 - Sherbrooke Phoenix : 5.
19:42 of 3rd period - Eric Comrie from Worcester Sharks was sent back in the game.
19:43 of 3rd period - Casey Bailey wins face-off versus Nikita Jevpalovs in neutral zone.
Goals for this period are 1 for Worcester Sharks vs 1 for Sherbrooke Phoenix.
Shots for this period are 9 for Worcester Sharks vs 8 for Sherbrooke Phoenix.

Overtime #1


0:01 of 1st overtime period - T.J. Hensick wins face-off versus Casey Bailey in neutral zone.
0:04 of 1st overtime period - Casey Bailey is hit by Shea Theodore.
0:14 of 1st overtime period - Snap shot by T.J. Hensick.
0:14 of 1st overtime period - Goal by T.J. Hensick - Worcester Sharks : 6 - Sherbrooke Phoenix : 5.
Goals for this period are 1 for Worcester Sharks vs 0 for Sherbrooke Phoenix.
Shots for this period are 1 for Worcester Sharks vs 0 for Sherbrooke Phoenix.